 Dungeon Crawl Stone Soup version 0.30-a0-377-g5cb311bc9f (webtiles) character file.

Game seed: 13148226881129304605

90 Persephone the Slasher (level 4, -3/32 HPs)
             Began as an Octopode Berserker on Dec 1, 2022.
             Was a Believer of Trog.
             Killed by divine providence
             ... invoked by an orc priest
              (11 damage)
             ... on level 3 of the Dungeon.
             The game lasted 00:02:12 (1265 turns).

Persephone the Slasher (Octopode Berserker)         Turns: 1265, Time: 00:02:13

Health: -3/32      AC:  1    Str: 16    XL:     4   Next: 56%
Magic:  4/4        EV: 14    Int:  9    God:    Trog [**....]
Gold:   125        SH:  0    Dex: 13    Spells: 3/3 levels left

rFire   + . .      SeeInvis .    a - +0 falchion
rCold   . . .      Faith    .    (no shield)
rNeg    . . .      Spirit   .    (helmet restricted)
rPois   .          Reflect  .    (no amulet)
rElec   .          Harm     .    f - ring of protection from fire
rCorr   .          Rampage  .    (no ring)
Will    .....                    (no ring)
Stlth   ++........               (no ring)
HPRegen 0.25/turn                (no ring)
MPRegen 0.09/turn                (no ring)
                                 (no ring)
                                 (no ring)

@: on berserk cooldown, slowed, very slow
A: almost no armour, amphibious, 8 rings, camouflage 1, gelatinous body 1,
(nimble swimmer 1), tentacles
a: Renounce Religion, Berserk, Trog's Hand


You were on level 3 of the Dungeon.
You worshipped Trog.
Trog was pleased with you.
You visited 1 branch of the dungeon, and saw 3 of its levels.

You collected 125 gold pieces.

Inventory:

Hand Weapons
 a - a +0 falchion (weapon)
Jewellery
 f - a ring of protection from fire (left tentacle)
Scrolls
 c - 2 scrolls of identify {unknown}
 d - 3 scrolls of teleportation {unknown}
 j - a scroll of silence {unknown}
 l - a scroll of torment {unknown}
Potions
 b - a potion of mutation {unknown}
 e - 2 potions of might
 g - a potion of brilliance {unknown}
 h - a potion of degeneration {unknown}
 i - a potion of curing {unknown}
 k - 2 potions of heal wounds {unknown}


   Skills:
 + Level 3.6 Fighting
 * Level 4.2 Long Blades
 + Level 3.6 Dodging


You had 3 spell levels left.
You didn't know any spells.
Your spell library was empty.

Dungeon Overview and Level Annotations

Branches:
Dungeon (3/15)

Altars:
Makhleb


Innate Abilities, Weirdness & Mutations

You cannot wear most types of armour.
You are amphibious.
You can wear up to eight rings at the same time.
Your skin changes colour to match your surroundings (Stealth+).
Your rubbery body absorbs attacks. (AC +1, EV +1)
((You are camouflaged when in or above water. (Stealth+)))
You have tentacles for arms and can constrict up to eight enemies at once.


Message History

An orc comes into view. It is wielding a +0 dagger.
The orc wizard points at you and mumbles some strange words.
The puff of flame hits you. You resist.
A goblin comes into view. It is wielding a +0 dagger.
Found a scroll labelled KEOBRI PIURI.
The orc priest invokes the aid of Beogh against you.
Beogh smites you!
The orc shouts!
You are too injured to fight recklessly!
A red film seems to cover your vision as you go berserk!
You feel yourself moving faster!
You feel mighty!
The orc shouts!
You hit the orc wizard. Your grab misses the orc wizard.
Your squeeze misses the orc wizard.
The orc wizard is heavily wounded.
The orc wizard hits you with a +0 dagger.
You closely miss the orc wizard. Your grab misses the orc wizard.
Your squeeze misses the orc wizard.
The orc wizard is heavily wounded.
You slash the orc wizard!
You kill the orc wizard!
Trog accepts your kill.
Trog appreciates your killing of a magic user.
The orc priest hits you from afar with a +3 trident.
You feel a strong urge to attack something.
You are no longer berserk.
You are exhausted.
You feel yourself slow down.
The orc hits the bush but does no damage. x2
You open the door. The goblin attacks as you move away!
The goblin hits you with a +0 dagger.
* * * LOW HITPOINT WARNING * * *
Found a chain mail.
There is an open door here.
The orc misses you. The orc attacks as you move away!
The orc hits you with a +0 club.
* * * LOW HITPOINT WARNING * * *
The orc priest calls down the wrath of Beogh upon you.
Beogh smites you!
You die...

######### #.. #...#
#.# ###.#
##.#...#.##########
...#####..........#
...#####..........#
##.#...#.###.#....#
.#.#.#.#.#...#....#
.#...#...#.o.go.@.#
.#########..o#..[.#
..# #........#....#
..# #........###+##
#####........#
...........$.###.
..................
.[PPPP..####.._..
.......)...........


You could see an orc priest, 2 orcs and a goblin.

Vanquished Creatures
  Jessica (D:2)
  An orc wizard (D:3)
  An adder (D:2)
  3 endoplasms
  2 giant cockroaches (D:2)
  2 hobgoblins
  3 quokkas
  4 ball pythons
  4 bats
  2 frilled lizards (D:2)
  3 goblins
  4 kobolds
  2 rats
32 creatures vanquished.

Notes
Turn   | Place    | Note
-------+----------+-------------------------------------------
     0 | D:1      | Persephone the Octopode Berserker began the quest for the
                  | Orb.
     0 | D:1      | Reached XP level 1. HP: 16/16 MP: 1/1
    89 | D:1      | Reached XP level 2. HP: 21/21 MP: 2/2
   633 | D:2      | Found a faded altar of an unknown god.
   693 | D:2      | Reached XP level 3. HP: 21/26 MP: 3/3
   720 | D:2      | Reached ** piety under Trog
   766 | D:2      | Noticed Jessica
   772 | D:2      | Killed Jessica
   773 | D:2      | Reached skill level 4 in Long Blades
   773 | D:2      | Reached XP level 4. HP: 20/31 MP: 4/4
  1246 | D:3      | Found a burning altar of Makhleb.
  1265 | D:3      | Killed from afar by an orc priest

Illustrated notes

Levels and vault maps discovered:
D:1:      dpeg_arrival_short_road, layout_rooms, minmay_pentomino_u2
D:2:      layout_loops_ring, chequers_ecumenical_altar_twisty, uniq_jessica
D:3:      layout_basic, mainiacjoe_overflow_alcove_2,
          mainiacjoe_overflow_boulevard, hex_intersection,
          minmay_misc_feat_plants, bh_walls_and_bars, uniq_robin

Skill      XL: |  1  2  3 |
---------------+----------+-----
Long Blades    | 4 |  4.2
Fighting       | |  3.6
Dodging        | |  3.6

Action                   |  1- 3 |  4- 6 || total
-------------------------+-------+-------++-------
Melee: Falchion          |    40 |     9 ||    49
       Constrict         |    10 |     1 ||    11
       Tentacles         |     7 |     2 ||     9
       Punch             |     1 |       ||     1
Invok: Berserk           |       |     1 ||     1
 Stab: Sleeping          |     7 |     3 ||    10
Armor: Skin              |     1 |       ||     1
Dodge: Dodged            |    18 |     1 ||    19

Table legend: (Time is in decaauts)
 A = Elapsed time spent in this place.
 B = Non-inter-level travel time spent in this place.
 C = Inter-level travel time spent in this place.
 D = Time resting spent in this place.
 E = Time spent auto-exploring this place.
 F = Levels seen in this place.
 G = Mean time per level.
                   A        B        C        D        E       F      G
               +--------+--------+--------+--------+--------+-----+--------+
         Total |   1272 |   1217 |     55 |      0 |    997 |   3 |  424.0 |
       Dungeon |   1272 |   1217 |     55 |      0 |    997 |   3 |  424.0 |
               +--------+--------+--------+--------+--------+-----+--------+

Top non-repeatable levels by time:
     D:2: 740 daAuts
     D:1: 397 daAuts
     D:3: 134 daAuts
